 Dungeon Crawl Stone Soup version 0.24-a0-266-g1edb078f7a (webtiles) character file.

Game seed: 13399251646887673140

20937 JellyEater the Geomancer (level 12, -6/72 HPs)
             Began as a Gargoyle Earth Elementalist on Apr 21, 2019.
             Was a High Priest of Vehumet.
             Mangled by a small abomination (15 damage)
             ... on level 13 of the Dungeon.
             The game lasted 00:49:30 (12177 turns).

JellyEater the Geomancer (GrEE)                    Turns: 12177, Time: 00:49:30

Health: -6/72      AC: 16    Str: 12    XL:     12   Next: 84%
Magic:  27/33      EV: 14    Int: 28    God:    Vehumet [*****.]
Gold:   2806       SH:  0    Dex: 10    Spells: 9/27 levels left

rFire    . . .     SeeInvis .   t - +5 dire flail (freeze)
rCold    . . .     Gourm    .   (shield currently unavailable)
rNeg     + . .     Faith    .   c - +0 robe
rPois    ∞         Spirit   .   H - +0 hat "Celesch" {Int+4}
rElec    +         Reflect  .   Q - +2 cloak
rCorr    .         Harm     .   (no gloves)
MR       .....                  f - +1 pair of boots
Stlth    ++........             s - amulet of rage
HPRegen  0.22/turn              M - +3 ring of intelligence
MPRegen  0.23/turn              J - ring of magical power

@: berserk cooldown
A: blink, deformed body, negative energy resistance 1, shaggy fur 1, electricity
resistance, wild magic 1, unbreathing, petrification resistance, rot immunity,
AC +8
a: Blink, Renounce Religion, Evoke Berserk Rage


You were on level 13 of the Dungeon.
You worshipped Vehumet.
Vehumet was extremely pleased with you.
You were near starving.

You visited 2 branches of the dungeon, and saw 14 of its levels.

You collected 4642 gold pieces.
You spent 1836 gold pieces at shops.

Inventory:

Hand Weapons
 t - a +5 dire flail of freezing (weapon)
 w - a +1 flail of holy wrath
 I - a +0 morningstar
Missiles
 b - 109 stones (quivered)
 j - a throwing net
Armour
 c - a +0 robe (worn)
 f - a +1 pair of boots (worn)
 r - the +0 helmet of Bypnisit {Str+2}
   (You found it on level 8 of the Dungeon)

   It affects your strength (+2).
 H - the +0 hat "Celesch" (worn) {Int+4}
   (You bought it in a shop on level 13 of the Dungeon)

   It affects your intelligence (+4).
 Q - a +2 cloak (worn)
 S - the +2 robe of Viesoo {rElec rC+ rCorr Str-5}
   (You bought it in a shop on level 13 of the Dungeon)

   It affects your strength (-5).
   It protects you from cold.
   It insulates you from electricity.
   It provides partial protection from all sources of acid and corrosion.
Jewellery
 g - an uncursed ring of protection from magic
 i - a +4 ring of dexterity
 l - a +2 ring of evasion
 n - an uncursed ring of ice
 o - a +3 ring of evasion
 s - an amulet of rage (around neck)
 A - an uncursed ring of protection from magic
 J - a ring of magical power (right hand)
 M - a +3 ring of intelligence (left hand)
Wands
 h - a wand of random effects (28)
 y - a wand of acid (6)
 D - a wand of flame (17)
 O - a wand of enslavement (8)
 P - a wand of polymorph (6)
 R - a wand of disintegration (16)
Scrolls
 p - 8 scrolls of remove curse
 u - 14 scrolls of identify
 v - 8 scrolls of teleportation
 z - a scroll of summoning
 B - 2 scrolls of amnesia
 F - 3 scrolls of magic mapping
 G - a scroll of blinking
Potions
 a - 5 potions of brilliance
 e - a potion of flight
 m - 2 potions of mutation
 q - 2 potions of lignification
 x - a potion of might
 C - 2 potions of agility
 E - a potion of ambrosia
 K - a potion of magic
Miscellaneous
 N - a fan of gales
Comestibles
 d - 27 rations
 L - 6 chunks of flesh


   Skills:
 + Level 7.5 Fighting
 + Level 7.1 Maces & Flails
 - Level 6.0 Armour
 + Level 6.1 Dodging
 - Level 2.1 Stealth
 + Level 8.2 Spellcasting
 + Level 9.1 Conjurations
   Level 0.7 Transmutations
 * Level 1.6 Fire Magic
 + Level 10.9 Earth Magic
 - Level 6.0 Evocations


You had 9 spell levels left.
You knew the following spells:

 Your Spells              Type           Power        Failure   Level  Hunger
a - Sandblast             Erth           ######       1%          1    None
b - Stone Arrow           Conj/Erth      ######       1%          3    None
c - Lee's Rapid Deconstr  Erth           #######...   1%          5    ####...
d - Throw Icicle          Conj/Ice       #####...     3%          4    ##.....
e - Bolt of Magma         Conj/Fire/Erth ######....   3%          5    ####...

Your spell library contained the following spells:

 Spells                   Type           Power        Failure   Level  Hunger
 Magic Dart               Conj           ####         1%          1    None
 Passwall                 Tmut/Erth      ######..     1%          2    None
 Throw Frost              Conj/Ice       #####.       1%          2    None
 Conjure Flame            Conj/Fire      ######..     1%          3    None
 Mephitic Cloud           Conj/Pois/Air  #####...     1%          3    None
 Freeze                   Ice            ##..         2%          1    None
 Beastly Appendage        Tmut           ###...       6%          1    None
 Petrify                  Tmut/Erth      ######..     7%          4    ##.....
 Confusing Touch          Hex            ##....       8%          1    None
 Sticks to Snakes         Tmut           ###.....     9%          2    None
 Blink                    Tloc           N/A          12%         2    None
 Call Imp                 Summ           ##......     12%         2    None
 Slow                     Hex            ##......     12%         2    None
 Spider Form              Tmut/Pois      ###.......   19%         3    None
 Confuse                  Hex            ##......     21%         3    None
 Gell's Gravitas          Tloc           ##........   21%         3    None
 Ozocubu's Armour         Chrm/Ice       ##......     21%         3    None
 Yara's Violent Unravell  Hex/Tmut       ###.......   34%         5    ####...
 Ice Form                 Ice/Tmut       ###.....     47%         4    ##.....
 Summon Ice Beast         Ice/Summ       ##......     52%         4    ##.....
 Blade Hands              Tmut           ###.......   77%         5    ####...
 Metabolic Englaciation   Hex/Ice        ##........   86%         5    ####...


Dungeon Overview and Level Annotations

Branches:
Dungeon (13/15)            Temple (1/1) D:7            Lair (0/6) D:11
    Orc (0/2) D:11
 Vaults: D:13-14

Altars:
Ashenzari
Cheibriados
Dithmenos
Elyvilon
Fedhas
Gozag
Hepliaklqana
Kikubaaqudgha
Makhleb
Nemelex Xobeh
Okawaru
Qazlal
Ru
Sif Muna
Trog
Uskayaw
Vehumet
Wu Jian
Xom
Yredelemnul
Zin
The Shining One
Beogh

Shops:
D:9 (??(   D:13 *

Annotations:
D:6 2 transporters


Innate Abilities, Weirdness & Mutations

You are resistant to torment.
Your stone body is resilient. (AC +8)
You are immune to poison.
You resist negative energy. (rN+)
You are resistant to electric shocks. (rElec)
You can survive without breathing.
You are immune to petrification.
You are immune to rotting.
You can translocate small distances at will.
Armour fits poorly on your strangely shaped body.
You are covered in fur. (AC +1)
Your spells are a little harder to cast, but a little more powerful.


Message History

The small abomination hits you but does no damage.
Items here: )) [[ a +2 plate armour of magic resistance; a +0 scimitar; a +0 chain mail a +0 battleaxe The small abomination barely misses you.
Items here: )))) [[[ † The small abomination closely misses you.
The small abomination misses you.
There is an open door here.
You feel better.
The small abomination barely misses you.
The large abomination hits you!
* * * LOW HITPOINT WARNING * * *
The small abomination closely misses you.
Items here: ))) [[[ ÷ The small abomination hits you but does no damage.
There is a stone staircase leading up here.
You feel yourself speed up. The small abomination hits you!
You die...

#.#
#..#####
#'#######
##.....#
.........
#####.#
.........
#.#
.........
######'####
.........
#.........#
.........
#.........#
.........
+.........#
.........
#.[@[.....#
######+##
#..)x.....#
#####X#####
#x.# ##)#
#[#
######)##
#.....).#
###......)#


You could see a large abomination and 2 small abominations.

Vanquished Creatures
  Harold (D:8)
  A hydra (D:12)
  A catoblepas (D:13)
  5 two-headed ogres
  Urug (D:10)
  A large abomination (D:13)
  A wizard (D:13)
  Pikel (D:7)
  An ugly thing (D:11)
  Maurice (D:13)
  A centaur zombie (D:12)
  A gargoyle (D:13)
  A hornet (D:13)
  3 trolls
  Grinder (D:4)
  Prince Ribbit (D:9)
  5 hippogriffs
  A shadow (D:11)
  A wraith (D:10)
  7 humans (D:9)
  10 yaks
  A basilisk (D:13)
  2 vampire mosquitoes (D:12)
  A hungry ghost (D:8)
  Edmund (D:6)
  A hornet zombie (D:7)
  3 ice beasts
  12 orc warriors
  2 sky beasts
  A phantom (D:6)
  2 eyes of draining
  2 necrophages
  5 ogres
  14 centaurs
  2 big kobolds
  7 bullfrogs
  3 scorpions
  5 small abominations (D:13)
  3 wights (D:6)
  10 killer bees (D:10)
  A howler monkey (D:4)
  5 crimson imps
  A quasit (D:9)
  A hound (D:12)
  5 orc wizards
  A jelly (D:13)
  9 orc priests
  Crazy Yiuf (D:2)
  A bullfrog skeleton (D:9)
  A centaur skeleton (D:8)
  Natasha (thrice) (D:2)
  3 iguanas
  11 worker ants
  2 killer bee zombies
  A hound zombie (D:7)
  A hound skeleton (D:11)
  3 worker ant zombies
  3 gnolls (D:3)
  2 howler monkey skeletons
  12 adders
  5 shadow imps
  2 adder skeletons
  An adder zombie (D:5)
  2 worms
  2 dart slugs (D:1)
  3 leopard geckos
  52 orcs
  7 giant cockroaches
  4 goblins
  4 hobgoblins
  20 jackals
  4 quokkas
  7 bats
  A frilled lizard (D:1)
  13 kobolds
  2 quokka skeletons
  2 rats
321 creatures vanquished.

Vanquished Creatures (collateral kills)
  An orc knight (D:13)
1 creature vanquished.

Vanquished Creatures (others)
  2 slaves (D:7)
2 creatures vanquished.

Grand Total: 324 creatures vanquished

Notes
Turn   | Place    | Note
-------+----------+-------------------------------------------
     0 | D:1      | JellyEater the Gargoyle Earth Elementalist began the quest
                  | for the Orb.
     0 | D:1      | Reached XP level 1. HP: 10/10 MP: 3/3
   188 | D:1      | Reached XP level 2. HP: 12/15 MP: 5/5
   293 | D:1      | Reached skill level 4 in Earth Magic
   326 | D:1      | Found an iron altar of Okawaru.
   937 | D:1      | Reached XP level 3. HP: 13/19 MP: 6/6
   942 | D:1      | Learned a level 3 spell: Stone Arrow
  1341 | D:2      | Noticed Natasha
  1344 | D:2      | Killed Natasha
  1344 | D:2      | Reached skill level 1 in Conjurations
  1403 | D:2      | Found a shattered altar of Ashenzari.
  1506 | D:2      | Reached XP level 4. HP: 24/24 MP: 4/8
  1688 | D:2      | Noticed Natasha
  1702 | D:2      | Killed Natasha
  1702 | D:2      | Reached skill level 5 in Earth Magic
  1702 | D:2      | Reached XP level 5. HP: 27/28 MP: 7/9
  1712 | D:2      | Learned a level 5 spell: Lee's Rapid Deconstruction
  1824 | D:2      | Noticed Natasha
  1829 | D:2      | Killed Natasha
  2104 | D:2      | Found a runed translucent door.
  2105 | D:2      | Noticed Crazy Yiuf
  2112 | D:2      | Killed Crazy Yiuf
  2646 | D:3      | Reached XP level 6. HP: 32/32 MP: 8/11
  3046 | D:4      | Found a snail-covered altar of Cheibriados.
  3202 | D:4      | Noticed Grinder
  3210 | D:4      | Killed Grinder
  3210 | D:4      | Reached skill level 6 in Earth Magic
  3210 | D:4      | Reached XP level 7. HP: 36/36 MP: 5/13
  3505 | D:5      | Entered Level 5 of the Dungeon
  3530 | D:5      | Reached skill level 7 in Earth Magic
  3608 | D:5      | Found a sparkling altar of Nemelex Xobeh.
  3809 | D:5      | Reached skill level 5 in Spellcasting
  4208 | D:5      | Gained mutation: You are covered in fur. (AC +1) [potion of
                  | mutation]
  4208 | D:5      | Gained mutation: Armour fits poorly on your strangely
                  | shaped body. [potion of mutation]
  4208 | D:5      | Gained mutation: Your spells are a little harder to cast,
                  | but a little more powerful. [potion of mutation]
  4208 | D:5      | Gained mutation: You can translocate small distances at
                  | will. [potion of mutation]
  4334 | D:6      | Reached XP level 8. HP: 42/42 MP: 10/15
  4341 | D:6      | Reached skill level 5 in Conjurations
  4347 | D:6      | Reached skill level 1 in Fighting
  4347 | D:6      | Reached skill level 1 in Armour
  4508 | D:6      | Noticed Edmund
  4511 | D:6      | Killed Edmund
  4511 | D:6      | Reached skill level 1 in Maces & Flails
  4511 | D:6      | Reached skill level 1 in Evocations
  4604 | D:6      | Found a transporter.
  4609 | D:6      | Noticed a purple ugly thing
  4614 | D:6      | Found a transporter.
  4614 | D:6      | Found an ornate altar of the Wu Jian Council.
  4615 | D:6      | Noticed a yak
  4796 | D:6      | Noticed a mana viper
  4816 | D:6      | Noticed a shining eye
  4820 | D:6      | Noticed a shock serpent
  4820 | D:6      | a shining eye changed into a shock serpent
  5013 | D:6      | Noticed a cyclops
  5021 | D:6      | Noticed a manticore
  5200 | D:7      | Found a staircase to the Ecumenical Temple.
  5231 | Temple   | Entered the Ecumenical Temple
  5299 | Temple   | Became a worshipper of Vehumet
  5584 | D:7      | Noticed Pikel
  5598 | D:7      | Killed Pikel
  5598 | D:7      | Reached XP level 9. HP: 42/49 MP: 17/17
  5750 | D:7      | Reached skill level 8 in Earth Magic
  5856 | D:7      | Found a shimmering altar of Xom.
  5856 | D:7      | Found a shimmering altar of Xom.
  5858 | D:7      | Found a shimmering altar of Xom.
  5860 | D:7      | Found a shimmering altar of Xom.
  5943 | D:7      | Found an ancient bone altar of Kikubaaqudgha.
  6022 | D:7      | Found a shadowy altar of Dithmenos.
  6022 | D:7      | Found an opulent altar of Gozag.
  6022 | D:7      | Found a hazy altar of Hepliaklqana.
  6022 | D:7      | Found a bloodstained altar of Trog.
  6024 | D:7      | Noticed a two-headed ogre
  6036 | D:7      | Killed a two-headed ogre
  6057 | D:7      | Reached * piety under Vehumet
  6057 | D:7      | Offered knowledge of Freeze by Vehumet.
  6063 | D:7      | Found a glowing golden altar of the Shining One.
  6063 | D:7      | Found a white marble altar of Elyvilon.
  6432 | D:8      | Got a shimmering helmet
  6438 | D:8      | Identified the cursed +0 helmet of Bypnisit {Str+2} (You
                  | found it on level 8 of the Dungeon)
  6477 | D:8      | Reached XP level 10. HP: 34/56 MP: 19/19
  6619 | D:8      | Noticed Harold
  6631 | D:8      | Killed Harold
  6925 | D:8      | Found a basalt altar of Yredelemnul.
  7395 | D:9      | Found Joloz's Magic Scroll Boutique.
  7398 | D:9      | Bought a scroll of summoning for 95 gold pieces
  7398 | D:9      | Bought a scroll of magic mapping for 35 gold pieces
  7398 | D:9      | Bought a scroll of identify for 20 gold pieces
  7398 | D:9      | Bought a scroll of identify for 20 gold pieces
  7398 | D:9      | Bought a scroll of blinking for 75 gold pieces
  7398 | D:9      | Bought a scroll of identify for 20 gold pieces
  7398 | D:9      | Bought a scroll of identify for 20 gold pieces
  7398 | D:9      | Bought 2 scrolls of identify for 40 gold pieces
  7398 | D:9      | Bought a scroll of identify for 20 gold pieces
  7409 | D:9      | Noticed a two-headed ogre
  7414 | D:9      | Killed a two-headed ogre
  7414 | D:9      | Reached ** piety under Vehumet
  7414 | D:9      | Reached skill level 9 in Earth Magic
  7469 | D:9      | Found Zij Sobashre's Antique Weapon Emporium.
  7500 | D:9      | Noticed Prince Ribbit
  7503 | D:9      | Killed Prince Ribbit
  7503 | D:9      | Offered knowledge of Searing Ray by Vehumet.
  7663 | D:9      | Found Socwagh's Magic Scroll Shop.
  7672 | D:9      | Bought a scroll of identify for 22 gold pieces
  7672 | D:9      | Bought a scroll of magic mapping for 38 gold pieces
  7743 | D:9      | Found a large runed translucent door.
  7743 | D:9      | Found a large runed translucent door.
  7743 | D:9      | Found a runed translucent door.
  7759 | D:9      | Reached skill level 5 in Fighting
  7767 | D:9      | Reached skill level 5 in Armour
  7818 | D:9      | Reached XP level 11. HP: 60/64 MP: 21/21
  7849 | D:9      | Reached skill level 5 in Maces & Flails
  8090 | D:9      | Offered knowledge of Throw Flame by Vehumet.
  8434 | D:9      | Found Beghot's Antique Weapon Shoppe.
  8473 | D:9      | Found a bloodstained altar of Trog.
  8544 | D:10     | Entered Level 10 of the Dungeon
  8552 | D:10     | Reached *** piety under Vehumet
  8743 | D:10     | Noticed Urug
  8754 | D:10     | Killed Urug
  9061 | D:10     | Offered knowledge of Throw Icicle by Vehumet.
  9072 | D:10     | Learned a level 4 spell: Throw Icicle
  9134 | D:10     | Noticed a two-headed ogre
  9140 | D:10     | Killed a two-headed ogre
  9241 | D:10     | Noticed a two-headed ogre
  9395 | D:10     | Reached skill level 5 in Dodging
  9536 | D:10     | Killed a two-headed ogre
  9536 | D:10     | Reached skill level 10 in Earth Magic
  9536 | D:10     | Reached skill level 5 in Evocations
  9627 | D:10     | Noticed a two-headed ogre
  9633 | D:10     | Killed a two-headed ogre
  9865 | D:11     | Reached **** piety under Vehumet
  9886 | D:11     | Noticed a white ugly thing
  9890 | D:11     | Killed a white ugly thing
 10030 | D:11     | Reached XP level 12. HP: 63/71 MP: 23/23
 10042 | D:11     | Found a staircase to the Orcish Mines.
 10071 | D:11     | Offered knowledge of Inner Flame by Vehumet.
 10095 | D:11     | Found a staircase to the Lair.
 10535 | D:12     | Noticed a six-headed hydra
 10541 | D:12     | Killed a six-headed hydra
 10556 | D:12     | Identified a scroll of acquirement
 11009 | D:9      | Bought a scroll of acquirement for 572 gold pieces
 11015 | D:9      | Bought a scroll of identify for 22 gold pieces
 11015 | D:9      | Bought a scroll of enchant armour for 82 gold pieces
 11015 | D:9      | Bought a scroll of summoning for 104 gold pieces
 11015 | D:9      | Bought a scroll of identify for 22 gold pieces
 11015 | D:9      | Bought a scroll of vulnerability for 82 gold pieces
 11015 | D:9      | Bought a scroll of identify for 22 gold pieces
 11015 | D:9      | Bought a scroll of remove curse for 33 gold pieces
 11015 | D:9      | Bought 2 scrolls of teleportation for 66 gold pieces
 11234 | D:13     | Noticed a catoblepas
 11239 | D:13     | Killed a catoblepas
 11257 | D:13     | Noticed Maurice
 11262 | D:13     | Killed Maurice
 11459 | D:13     | Found Noapn's Assorted Antiques.
 11464 | D:13     | Bought a potion of curing for 54 gold pieces
 11464 | D:13     | Bought a scroll of identify for 36 gold pieces
 11464 | D:13     | Bought a heavily runed hat for 162 gold pieces
 11464 | D:13     | Bought an encrusted fluorescent wand for 72 gold pieces
 11464 | D:13     | Bought a faintly glowing robe for 102 gold pieces
 11474 | D:13     | Identified the +2 robe of Viesoo {rElec rC+ rCorr Str-5}
                  | (You bought it in a shop on level 13 of the Dungeon)
 11494 | D:13     | Identified the cursed +0 hat "Celesch" {Int+4} (You bought
                  | it in a shop on level 13 of the Dungeon)
 11528 | D:13     | Found a roughly hewn altar of Beogh.
 12082 | D:13     | Reached ***** piety under Vehumet
 12110 | D:13     | Offered knowledge of Bolt of Magma by Vehumet.
 12123 | D:13     | Learned a level 5 spell: Bolt of Magma
 12146 | D:13     | Reached skill level 1 in Fire Magic
 12177 | D:13     | Mangled by a small abomination

Levels and vault maps discovered:
D:1:      saegor_arrival_under_anarchy, layout_basic, grunt_decor_resistance,
          chequers_serial_rivers_micro_d, st_stairs_12,
          okawaru_ov_weapons_minmay
D:2:      layout_basic, ashenzari_altar_1, uniq_crazy_yiuf_cottage, uniq_natasha
D:3:      layout_basic
D:4:      layout_rooms, cheibriados_altar_1, uniq_grinder
D:5:      layout_loops_cross, nemelex_xobeh_ov_fountains_minmay, first_ration
D:6:      layout_loops_ring, gammafunk_temple_overflow_arena, uniq_edmund
D:7:      layout_loops_ring, kennysheep_mini, minmay_overflow_temple_hex,
          xom_redecorated, minmay_temple_entry_junction_2, uniq_pikel
D:8:      layout_basic, lemuel_coloured_pillars_altar, blue_anna_alchemist
          [blue_anna_fruit_fields, blue_anna_fruit_fields], grunt_ministairs_11,
          uniq_harold
D:9:      erik_cavepeople, layout_gridville, serial_shops, shop_scrolls,
          nicolae_shop_overgrown_old_shop, shop, shop,
          trog_three_pillars_becter, uniq_prince_ribbit1
D:10:     layout_long_grid, uniq_urug
D:11:     layout_roguey, lair_entry_dummy, orc_0_dummy
D:12:     layout_rooms
D:13:     layout_roguey [special_room_orc], serial_shops, shop, laboratory,
          uniq_maurice
Temple:   dpeg_three_leaves_temple

Skill      XL: |  1  2  3  4  5  6  7  8  9 10 11 12 |
---------------+-------------------------------------+-----
Earth Magic    | 4 5 6 7 8 9 10 | 10.9
Conjurations   | 1 2 4 5 6 7 8 9 |  9.1
Spellcasting   | 3 4 5 6 7 8 |  8.2
Fighting       | 2 3 5 6 7 |  7.5
Armour         | 2 3 5 6 |  6.0
Maces & Flails | 2 3 4 6 7 |  7.1
Dodging        | 2 3 4 5 6 |  6.1
Evocations     | 2 3 4 5 6 |  6.0
Fire Magic     | 1 |  1.6
Stealth        | |  2.1
Transmutations | |  0.7

Action                   |  1- 3 |  4- 6 |  7- 9 | 10-12 || total
-------------------------+-------+-------+-------+-------++-------
Melee: Dagger            |    14 |       |       |       ||    14
       Mace              |    29 |   109 |    94 |       ||   232
       Dire flail        |       |       |   160 |   461 ||   621
 Cast: Sandblast         |    21 |    37 |    50 |   120 ||   228
       Stone Arrow       |       |     4 |     6 |    16 ||    26
       Lee's Rapid Decon |       |       |     4 |    10 ||    14
       Throw Icicle      |       |       |       |     1 ||     1
       Bolt of Magma     |       |       |       |     5 ||     5
 Abil: Evoke Berserk Rag |       |       |       |     2 ||     2
Evoke: Wand              |       |     1 |       |     5 ||     6
  Use: Scroll            |     5 |     2 |    12 |    12 ||    31
       Potion            |       |       |     1 |     4 ||     5
 Stab: Sleeping          |     3 |     6 |     3 |     1 ||    13
  Eat: Chunk             |     2 |     6 |     9 |    22 ||    39
       Ration            |       |       |     1 |       ||     1
Armor: Robe              |    21 |    44 |    98 |   190 ||   353
Dodge: Dodged            |    35 |   124 |   275 |   548 ||   982

Table legend:
 A = Non-vault XP
 B = Vault XP
 C = Vault XP percentage of total XP
 D = Non-vault monster count
 E = Vault monster count
 F = Vault count percentage of total count
                 A         B        C        D         E       F
            +---------+---------+-------+---------+---------+-------
      Total |   19691 |   10220 |  34.2 |     260 |      62 |  19.3
            +---------+---------+-------+---------+---------+-------
        D:1 |      37 |       0 |   0.0 |      20 |       0 |   0.0
        D:2 |     144 |      77 |  34.8 |      18 |       2 |  10.0
        D:3 |     126 |       0 |   0.0 |      16 |       0 |   0.0
        D:4 |     169 |     272 |  61.7 |      17 |       1 |   5.6
        D:5 |     336 |       0 |   0.0 |      14 |       0 |   0.0
        D:6 |     628 |     162 |  20.5 |      12 |       1 |   7.7
        D:7 |    1555 |     593 |  27.6 |      27 |       1 |   3.6
        D:8 |    1183 |    1235 |  51.1 |      24 |       4 |  14.3
        D:9 |    1839 |    2875 |  61.0 |      27 |      18 |  40.0
       D:10 |    5222 |     815 |  13.5 |      34 |       1 |   2.9
       D:11 |    1640 |       0 |   0.0 |      13 |       0 |   0.0
       D:12 |    4303 |     289 |   6.3 |      24 |       7 |  22.6
       D:13 |    2509 |    3902 |  60.9 |      14 |      27 |  65.9
            +---------+---------+-------+---------+---------+-------
